[Event "45th FIDE Olympiad 2024"]
[Site "Budapest"]
[Date "2024.09.12"]
[Round "2"]
[White "Semeko, Lumen Paco"]
[Black "Vaz, Jose Carlos"]
[Result "1/2-1/2"]
[ECO "A01"]
[WhiteElo "1740"]
[BlackElo "1909"]
[Annotator "NA"]
[PlyCount "133"]
[EventDate "2024.09.05"]
[EventType "team-tourn"]
[EventCountry "HUN"]
[SourceTitle "playchess.com"]
[Source "ChessBase"]
[SourceQuality "1"]
[WhiteTeam "Togo"]
[BlackTeam "Cape Verde"]
[WhiteTeamCountry "TOG"]
[TimeControl "40/5400+30:1800+30"]

1. Nf3 Nc6 2. b3 e5 3. Bb2 f6 4. e3 Nge7 5. g3 d5 6. h3 Be6 7. Bg2 Qd7 8. d3 O-O-O 9. Nbd2 g5 10. c3 h5 11. Qc2 Kb8 12. O-O-O Nc8 13. e4 Bg7 14. b4 d4 15. Nb3 dxc3 16. Bxc3 Qe7 17. a3 a5 18. Nc5 Bf7 19. Kb2 b6 20. Na6+ Kb7 21. b5 N6a7 22. a4 c6 23. Bxa5 cxb5 24. Bb4 Qd7 25. axb5 Nxb5 26. Ra1 Qxd3 27. Qxd3 Rxd3 28. Bf1 Rxf3 29. Bxb5 Na7 30. Bf1 Rxf2+ 31. Kc1 Rc8+ 32. Kd1 Nc6 33. Ke1 Rb2 34. Ba3 Rc2 35. Nb4 Nxb4 36. Bxb4 Bc4 37. Rd1 Bxf1 38. Rxf1 R2c4 39. Rd7+ R8c7 40. Rxc7+ Kxc7 41. Be7 Rc1+ 42. Ke2 Rxf1 43. Kxf1 Kd7 44. Bb4 Ke6 45. g4 hxg4 46. hxg4 Kf7 47. Ke2 Bf8 48. Bc3 Ke6 49. Kd3 Kd7 50. Kc4 Kc6 51. Bd2 b5+ 52. Kb3 Bc5 53. Ba5 f5 54. exf5 e4 55. Bd8 Be3 56. f6 Bc5 57. f7 Kd7 58. Bxg5 Ke6 59. Be3 Bf8 60. Kc3 Kd5 61. g5 b4+ 62. Kb3 Ke6 63. Kc4 Kxf7 64. Kd4 b3 65. Kc3 Kg6 66. Kxb3 Kf5 67. Kc4 1/2-1/2

[Event "45th FIDE Olympiad 2024"]
[Site "Budapest"]
[Date "2024.09.12"]
[Round "2.1"]
[White "Caruana, Fabiano"]
[Black "Tin, Jingyao"]
[Result "1-0"]
[ECO "C54"]
[WhiteElo "2798"]
[BlackElo "2580"]
[Annotator "TA"]
[PlyCount "63"]
[EventDate "2024.09.05"]
[EventType "team-tourn"]
[EventCountry "HUN"]
[SourceTitle "playchess.com"]
[Source "ChessBase"]
[SourceQuality "1"]
[WhiteTeam "United States of America"]
[BlackTeam "Singapore"]
[BlackTeamCountry "SIN"]
[TimeControl "40/5400+30:1800+30"]

1. e4 e5 2. Nf3 Nc6 3. Bc4 Nf6 4. d3 Bc5 5. O-O d6 6. c3 O-O 7. h3 a6 8. a4 h6 9. Re1 Re8 10. b4 {[%emt 0:01:18][%cal Bb2b4,Bb4b5][%mdl 32] The position is equal.} Ba7 11. Nbd2 Be6 12. Bxe6 Rxe6 13. Bb2 d5 14. b5 {[%emt 0:05:19] [#] Threatens to win with exd5.} Ne7 15. exd5 Qxd5 16. c4 Qxd3 17. Nxe5 Qf5 18. Qf3 Rd8 19. Nb3 (19. Qxb7 $2 Bxf2+ (19... Rxd2 20. Qxa7 Rxb2 21. Qd4 $19) 20. Kh1 Bxe1 $19 (20... Rxd2 $2 21. Red1 $19)) 19... c6 20. c5 {[%emt 0:09:10] And now b6 would win.} cxb5 {[%emt 0:23:31][%mdl 8192] This move loses the game for Black.} (20... Bb8 $14) 21. Qxb7 $18 Qc2 22. Nd4 (22. axb5 Qxb2 (22... Qxb3 23. bxa6 Rb8 24. Qxa7 $11) 23. Nc6 Rxe1+ 24. Rxe1 Nxc6 25. bxc6 Bxc5 (25... Qc3 26. Rc1 $16) 26. Nxc5 Qc3 $11) 22... Qxc5 23. Nxe6 Qxf2+ (23... fxe6 $142 24. Rf1 (24. Qxa6 Qxf2+ 25. Kh1 Rd2 $11) 24... Bb8 25. Qxa6 Kh7) 24. Kh1 fxe6 25. Qxe7 Rd2 26. Qf7+ Kh8 27. Ng6+ Kh7 28. Nf8+ Kh8 {[%emt 0:00:04] [#]} 29. Qg6 Rxb2 (29... Qf5 30. Bxf6) 30. Nxe6 ({Weaker is} 30. Rxe6 Kg8 $18) 30... Nh5 31. Qe8+ (31. Qxh5 $2 Qxg2#) 31... Kh7 32. Ng5+ {[%emt 0:00:02] Weighted Error Value: White=0.02 (flawless) /Black=0.57.  Loses game:     	---       	Black=1      Mistake:       	---       	Black=1      OK:         	White=7     	Black=7      Best:        	White=2     	Black=1} (32. Qxh5 $2 Qxg2#) 1-0

[Event "45th FIDE Olympiad 2024"]
[Site "Budapest"]
[Date "2024.09.12"]
[Round "2.1"]
[White "Ah Kye, Benitot"]
[Black "Michaelides, Konstantinos"]
[Result "0-1"]
[ECO "C01"]
[WhiteElo "1815"]
[BlackElo "2297"]
[Annotator "ChessBase"]
[PlyCount "72"]
[EventDate "2024.09.05"]
[EventType "team-tourn"]
[EventCountry "HUN"]
[SourceTitle "playchess.com"]
[Source "ChessBase"]
[SourceQuality "1"]
[WhiteTeam "Mauritius"]
[BlackTeam "Cyprus"]
[WhiteTeamCountry "MRI"]
[BlackTeamCountry "CYP"]
[TimeControl "40/5400+30:1800+30"]

1. e4 e6 2. d4 d5 3. Nc3 Bb4 4. exd5 exd5 5. Bd3 Nc6 6. Nf3 Nge7 7. O-O Bg4 8. Nb5 a6 9. c3 axb5 10. cxb4 Nxd4 11. Be3 Nxf3+ 12. gxf3 Bh5 13. Bc5 O-O 14. Re1 Re8 15. Re5 Bg6 16. Bxb5 c6 17. Qe2 Nf5 18. Rxe8+ Qxe8 19. Qxe8+ Rxe8 20. Bf1 Nh4 21. b5 Nxf3+ 22. Kg2 Be4 23. bxc6 Re6 24. Kg3 Rxc6 25. Rc1 b6 26. Be3 Rg6+ 27. Kf4 Rf6+ 28. Kg3 h5 29. h3 d4 30. Rc4 h4+ 31. Kg4 Ne5+ 32. Kxh4 Nxc4 33. Bxd4 Rd6 34. Bc3 Nd2 35. Be2 Bf3 36. Ba6 Ne4 0-1

[Event "45th FIDE Olympiad 2024"]
[Site "Budapest"]
[Date "2024.09.12"]
[Round "2.2"]
[White "Siddharth, Jagadeesh"]
[Black "Dominguez Perez, Leinier"]
[Result "0-1"]
[ECO "C85"]
[WhiteElo "2514"]
[BlackElo "2748"]
[Annotator "TA"]
[PlyCount "114"]
[EventDate "2024.09.05"]
[EventType "team-tourn"]
[EventCountry "HUN"]
[SourceTitle "playchess.com"]
[Source "ChessBase"]
[SourceQuality "1"]
[WhiteTeam "Singapore"]
[BlackTeam "United States of America"]
[WhiteTeamCountry "SIN"]
[TimeControl "40/5400+30:1800+30"]

1. e4 e5 2. Nf3 Nc6 3. Bb5 a6 4. Ba4 Nf6 5. O-O Be7 6. Bxc6 dxc6 7. Nc3 Bg4 8. h3 Bh5 9. g4 {[%emt 0:08:22] The old main line.} Bg6 10. Nxe5 {[%emt 0:00:12] C85: Closed Ruy Lopez: Deferred Exchange Variation.} Nxe4 11. Nxg6 Nxc3 12. dxc3 hxg6 13. Kg2 O-O $146 ({Predecessor:} 13... Qd5+ 14. Qxd5 cxd5 15. Bf4 Kd7 16. Rad1 Kc6 17. Rfe1 Rae8 18. c4 dxc4 19. Re4 b5 {½-½ Sidenko,A (2435)-Van Tricht,M (2366) WC-2014-S-00002}) 14. Bf4 Bd6 15. Bxd6 cxd6 16. Qd4 Re8 17. Rfe1 d5 18. Re3 Rxe3 19. Qxe3 Qe8 20. Re1 Qxe3 21. Rxe3 Kf8 22. h4 f6 23. f4 Kf7 24. Kf3 Rh8 25. Kg3 a5 26. a4 Rb8 27. Kf3 Rh8 28. Kg3 Rb8 29. Kf3 Rd8 30. Re1 Rh8 31. Kg3 Rb8 32. b3 Re8 (32... b5 $5 33. Ra1 $8 b4 34. cxb4 Rxb4 $17) 33. Rxe8 Kxe8 34. Kf3 Kd7 35. Ke3 Kd6 36. Kd4 b5 37. Ke3 (37. axb5 cxb5 38. c4 dxc4 39. bxc4 Kc6 40. cxb5+ Kxb5 $19) 37... Kc5 38. Kd3 $1 g5 39. hxg5 fxg5 40. f5 (40. fxg5 bxa4 41. bxa4 g6 $17) 40... Kd6 41. Kd4 c5+ 42. Ke3 $1 Kc6 43. Kd3 c4+ 44. Ke3 $2 (44. Kd4 $2 bxa4 45. bxa4 Kd6 $19) (44. Kd2 $11) 44... bxa4 $19 45. bxa4 Kc5 46. Kf3 d4 47. Ke4 dxc3 48. f6 gxf6 49. Kf5 Kb4 50. Kxf6 Ka3 51. Kxg5 Kb2 ({Worse is} 51... Kxa4 52. Kf5 Kb5 53. g5 $11) 52. Kf5 Kxc2 53. g5 Kb2 54. g6 c2 55. g7 c1=Q (55... c1=R $2 {loses.} 56. g8=Q $18 (56. g8=R $2 {is the wrong capture.} c3 $19)) 56. g8=Q Qc2+ 57. Ke6 c3 0-1

[Event "45th FIDE Olympiad 2024"]
[Site "Budapest"]
[Date "2024.09.12"]
[Round "2.2"]
[White "Isaakidis, Alexandros"]
[Black "Chinasamy, Devarajen"]
[Result "1-0"]
[ECO "B70"]
[WhiteElo "2155"]
[BlackElo "1975"]
[Annotator "ChessBase"]
[PlyCount "69"]
[EventDate "2024.09.05"]
[EventType "team-tourn"]
[EventCountry "HUN"]
[SourceTitle "playchess.com"]
[Source "ChessBase"]
[SourceQuality "1"]
[WhiteTeam "Cyprus"]
[BlackTeam "Mauritius"]
[WhiteTeamCountry "CYP"]
[BlackTeamCountry "MRI"]
[TimeControl "40/5400+30:1800+30"]

1. e4 c5 2. Nf3 g6 3. d4 cxd4 4. Nxd4 Nf6 5. Nc3 Nc6 6. Nb3 Bg7 7. Be2 O-O 8. Bg5 d6 9. O-O h6 10. Be3 Bd7 11. f4 a6 12. Bf3 Rc8 13. Nd5 Nxd5 14. exd5 Na5 15. Nxa5 Qxa5 16. c3 b5 17. a3 Qc7 18. Qd2 Rcd8 19. Rae1 Rde8 20. Rf2 Bc8 21. Kh1 Bb7 22. f5 g5 23. h4 g4 24. Bxh6 f6 25. Bxg7 Kxg7 26. Re4 Rh8 27. Rxg4+ Kf7 28. g3 Qc5 29. Kg2 Bc8 30. Qd3 Bd7 31. Rg6 Rc8 32. Re2 Rh7 33. Qe4 Kf8 34. Qg4 Kf7 35. Rxf6+ 1-0

[Event "45th FIDE Olympiad 2024"]
[Site "Budapest"]
[Date "2024.09.12"]
[Round "2.3"]
[White "Aronian, Levon"]
[Black "Wong, Zhenyong Jayden"]
[Result "1-0"]
[ECO "B48"]
[WhiteElo "2729"]
[BlackElo "2397"]
[Annotator "RC"]
[PlyCount "75"]
[EventDate "2024.09.05"]
[EventType "team-tourn"]
[EventCountry "HUN"]
[SourceTitle "playchess.com"]
[Source "ChessBase"]
[SourceQuality "1"]
[WhiteTeam "United States of America"]
[BlackTeam "Singapore"]
[BlackTeamCountry "SIN"]
[TimeControl "40/5400+30:1800+30"]

1. e4 c5 2. Nf3 e6 3. d4 cxd4 4. Nxd4 Nc6 5. Nc3 Qc7 6. Be3 a6 7. Qd2 Nf6 8. O-O-O Be7 9. g4 Nxg4 10. Bf4 Nge5 11. Nxc6 bxc6 12. Rg1 g5 13. Rxg5 Bxg5 14. Bxg5 Nf3 15. Qe3 Nxg5 16. Qxg5 d6 17. f4 Qe7 18. Qg1 Kf8 19. e5 Rg8 20. Qb6 d5 21. Ne4 Rg6 22. Nd6 Bd7 23. Bd3 Rg2 24. Kb1 Be8 25. f5 Qa7 26. Qb4 Rg1 27. Be2 Rxd1+ 28. Bxd1 Qg1 29. a3 Qxd1+ 30. Ka2 exf5 31. Nxf5+ Kg8 32. Qe7 h6 33. Nxh6+ Kh7 34. Qh4 Kg6 35. Qf6+ Kh5 36. Nf5 Qf3 37. Qh6+ Kg4 38. Ne3+ 1-0

[Event "45th FIDE Olympiad 2024"]
[Site "Budapest"]
[Date "2024.09.12"]
[Round "2.3"]
[White "Lee Luen Mang, Stefan"]
[Black "Antoniou, Rafail"]
[Result "1/2-1/2"]
[ECO "B44"]
[WhiteElo "1803"]
[BlackElo "2007"]
[Annotator "NA"]
[PlyCount "205"]
[EventDate "2024.09.05"]
[EventType "team-tourn"]
[EventCountry "HUN"]
[SourceTitle "playchess.com"]
[Source "ChessBase"]
[SourceQuality "1"]
[WhiteTeam "Mauritius"]
[BlackTeam "Cyprus"]
[WhiteTeamCountry "MRI"]
[BlackTeamCountry "CYP"]
[TimeControl "40/5400+30:1800+30"]

1. e4 c5 2. Nf3 e6 3. g3 Nc6 4. Bg2 d5 5. exd5 exd5 6. O-O Nf6 7. d4 cxd4 8. Nxd4 Bg4 9. Qd3 Qd7 10. a3 Be7 11. Nc3 O-O 12. Bf4 Rac8 13. Rfe1 Rfd8 14. Bg5 h6 15. Bf4 Bf8 16. Rac1 Nxd4 17. Qxd4 Rc4 18. Qd2 d4 19. Ne2 Bf5 20. c3 dxc3 21. Qxd7 Nxd7 22. Rxc3 Rxc3 23. Nxc3 Nc5 24. Re2 b6 25. h4 Be6 26. Rd2 Rxd2 27. Bxd2 Nd3 28. b4 a5 29. bxa5 bxa5 30. Nd5 a4 31. Be4 Ne5 32. Bb4 Bxd5 33. Bxd5 Bxb4 34. axb4 Kf8 35. f4 Nd3 36. b5 Ke7 37. b6 Kd6 38. b7 Kc7 39. b8=R Kxb8 40. Bxf7 Kc7 41. f5 Kd6 42. Kg2 Ke5 43. Be6 Nc5 44. Bc4 Kxf5 45. Kf3 Ke5 46. Ke3 Ne4 47. g4 g5 48. hxg5 hxg5 49. Kd3 Nd6 50. Ba6 Kd5 51. Kc3 Kc5 52. Bd3 Nb5+ 53. Kb2 Kb4 54. Bc2 Nd6 55. Bd3 Nc4+ 56. Ka2 Kc3 57. Bf5 Ne3 58. Ka3 Kd4 59. Bc8 Nc4+ 60. Kb4 a3 61. Kb3 Nd6 62. Bd7 Nc4 63. Be6 Kc5 64. Bg8 Kd4 65. Be6 Ne3 66. Kxa3 Ke5 67. Bc8 Kf4 68. Kb4 Nxg4 69. Kc5 Ne3 70. Bh3 Ke5 71. Kb4 Kd4 72. Kb5 Nd5 73. Kc6 Nf4 74. Bg4 Ng6 75. Kd6 Ne5 76. Bh3 Ke4 77. Ke6 Kf4 78. Kf6 Ng4+ 79. Kg6 Ne3 80. Bc8 Nd5 81. Bh3 Ne7+ 82. Kf6 Nc6 83. Kg6 Nd4 84. Kf6 Ne2 85. Bc8 Ng1 86. Bd7 Ne2 87. Bc8 Ng3 88. Bd7 Nh1 89. Bc8 Nf2 90. Bd7 Ng4+ 91. Kg7 Ne3 92. Kf6 Nc4 93. Bh3 Ne5 94. Bc8 Nd3 95. Kg6 Nb4 96. Bh3 Nd5 97. Bd7 Ne7+ 98. Kf6 Nd5+ 99. Kg6 Nb6 100. Bh3 Nc4 101. Kf6 Nd2 102. Bc8 Ne4+ 103. Kg6 1/2-1/2

[Event "45th FIDE Olympiad 2024"]
[Site "Budapest"]
[Date "2024.09.12"]
[Round "2.4"]
[White "Goh, Wei Ming Kevin"]
[Black "Robson, Ray"]
[Result "0-1"]
[ECO "B88"]
[WhiteElo "2449"]
[BlackElo "2700"]
[Annotator "TA"]
[PlyCount "136"]
[EventDate "2024.09.05"]
[EventType "team-tourn"]
[EventCountry "HUN"]
[SourceTitle "playchess.com"]
[Source "ChessBase"]
[SourceQuality "1"]
[WhiteTeam "Singapore"]
[BlackTeam "United States of America"]
[WhiteTeamCountry "SIN"]
[TimeControl "40/5400+30:1800+30"]

1. e4 c5 2. Nf3 d6 3. d4 cxd4 4. Nxd4 Nf6 5. Nc3 a6 6. Bc4 e6 7. a4 Be7 8. O-O O-O 9. Be3 Nc6 10. Qe2 {[%emt 0:00:23] 10.Kh1 is vanishing.} Bd7 11. Nxc6 {[%emt 0:02:29] B88: Sicilian: Sozin Attack.} Bxc6 12. a5 Nxe4 13. Nxe4 d5 14. Bb6 Qc8 15. Bd3 dxe4 16. Bxe4 Bb5 17. Bd3 Bxd3 18. Qxd3 Bc5 19. Bxc5 Qxc5 20. Rfd1 Qc7 21. Qe4 Rfd8 $146 ({Predecessor:} 21... Rad8 22. g3 g6 23. c4 Rd6 24. Rxd6 Qxd6 25. Qxb7 Rb8 {½-½ Aravindh,C (2646)-Ter Sahakyan,S (2643) Sant Boi de Llobregat op 4th 2023 (7)}) 22. g3 h6 23. c4 Rac8 24. b4 Rd7 25. b5 Qxc4 26. Qxc4 Rxd1+ 27. Rxd1 Rxc4 28. bxa6 bxa6 29. Rd6 Ra4 30. Rxa6 g5 31. h3 h5 32. Kg2 Kg7 33. Ra8 h4 34. gxh4 Rxh4 35. Rb8 Ra4 36. Rb5 Kg6 37. Rc5 Ra3 38. Rb5 f6 39. Rb6 e5 40. a6 e4 41. Rc6 Kf5 42. Rb6 Ke5 43. Rc6 f5 44. Rc5+ Kf4 45. Rc6 Ra4 46. Rf6 Ra5 47. Rb6 Ra1 48. Rc6 Ke5 49. Rc5+ $1 Kf4 50. Rc6 Ra2 51. Re6 g4 52. hxg4 Kxg4 53. Rg6+ Kf4 54. Rb6 Kg5 55. Re6 Ra3 56. Kf1 Kf4 57. Kg2 Ra5 58. Rb6 Ke5 59. Rh6 Ra2 60. Rb6 f4 61. Kg1 {[%emt 0:03:37] [#]} (61. Rb5+ $11 Kd4 62. Rb6) 61... f3 $1 $17 62. Rb5+ Kf4 63. Rb6 Kf5 64. Rb5+ Kg4 65. Rb4 $2 {[%emt 0:00:43][%mdl 8192] [#]} (65. a7 $17) 65... Kh3 $1 ({Worse is} 65... Rxa6 66. Rxe4+ Kh3 67. Re1 $11) 66. Rb1 e3 67. fxe3 Kg3 68. e4 Rg2+ 0-1

[Event "45th FIDE Olympiad 2024"]
[Site "Budapest"]
[Date "2024.09.12"]
[Round "2.4"]
[White "Kefalas, Loukas"]
[Black "Naipal, Hoolan"]
[Result "1-0"]
[ECO "B19"]
[WhiteElo "1912"]
[BlackElo "1851"]
[Annotator "NA"]
[PlyCount "83"]
[EventDate "2024.09.05"]
[EventType "team-tourn"]
[EventCountry "HUN"]
[SourceTitle "playchess.com"]
[Source "ChessBase"]
[SourceQuality "1"]
[WhiteTeam "Cyprus"]
[BlackTeam "Mauritius"]
[WhiteTeamCountry "CYP"]
[BlackTeamCountry "MRI"]
[TimeControl "40/5400+30:1800+30"]

1. e4 c6 2. d4 d5 3. Nc3 dxe4 4. Nxe4 Bf5 5. Ng3 Bg6 6. Nf3 Nd7 7. h4 h6 8. Bd3 Bxd3 9. Qxd3 Ngf6 10. Bf4 Qa5+ 11. Bd2 Qc7 12. O-O-O e6 13. Ne4 Nxe4 14. Qxe4 Nf6 15. Qe2 Bd6 16. Kb1 b5 17. Ne1 a5 18. Nd3 Nd5 19. c3 Rb8 20. Ka1 a4 21. Rc1 Nb6 22. Rhd1 Nc4 23. Be1 Qe7 24. f4 a3 25. b3 Nb2 26. Qe4 Nxd1 27. Rxd1 O-O 28. Bf2 Rbc8 29. Re1 Qc7 30. g4 Qa5 31. b4 Qa4 32. Kb1 Rfd8 33. g5 hxg5 34. hxg5 g6 35. Qh1 Qa8 36. Qh3 Kf8 37. Qh8+ Ke7 38. Qf6+ Ke8 39. Rh1 Be7 40. Qg7 Kd7 41. Qxf7 Rh8 42. Nc5+ 1-0

[Event "45th FIDE Olympiad 2024"]
[Site "Budapest"]
[Date "2024.09.12"]
[Round "2.5"]
[White "Rapport, Richard"]
[Black "Cori, Jorge"]
[Result "1-0"]
[ECO "B53"]
[WhiteElo "2715"]
[BlackElo "2609"]
[Annotator "TA"]
[PlyCount "59"]
[EventDate "2024.09.05"]
[EventType "team-tourn"]
[EventCountry "HUN"]
[SourceTitle "playchess.com"]
[Source "ChessBase"]
[SourceQuality "1"]
[WhiteTeam "Hungary"]
[BlackTeam "Peru"]
[WhiteTeamCountry "HUN"]
[BlackTeamCountry "PER"]
[TimeControl "40/5400+30:1800+30"]

1. e4 c5 2. Nf3 d6 3. d4 cxd4 4. Qxd4 Nc6 5. Qe3 Nf6 6. Nc3 g6 7. h3 Bg7 8. Bc4 {[%emt 0:00:05] The position is equal.} O-O 9. O-O a6 10. a4 Bd7 11. Rd1 Rc8 12. Qe1 Qa5 13. Ra3 Ne5 14. Nxe5 Qxe5 15. Ba2 Be6 16. f4 Qc5+ 17. Be3 Qc6 18. e5 dxe5 19. fxe5 {[%emt 0:00:47] [#] And now Bxe6 would win.} Nd7 {[%emt 0:17:53] White must now prevent ...Bxa2.} 20. Nd5 Bxd5 21. Bxd5 Qxc2 22. e6 Ne5 23. Rd2 (23. Bxb7 Qxb2 24. exf7+ Nxf7 25. Bxc8 Qxa3 $11) 23... Qc1 24. exf7+ Kh8 $1 (24... Nxf7 $2 25. Bxf7+ Kh8 (25... Rxf7 $2 26. Rd8+ Rxd8 27. Qxc1 $18) 26. Qxc1 (26. Rd1 Qxb2 27. Rb3 Qa2 $18) 26... Rxc1+ 27. Kh2 $18) 25. Rd1 Qxb2 (25... Qc2 $1 $11 {keeps the balance.}) 26. Rb3 $36 {[%emt 0:01:04][%cal Ba3b3,Bb3b7,Bb7e7][%mdl 2080] White is really pushing.} Qc2 27. Rxb7 Rcd8 (27... Bf6 $16) 28. Rxe7 $18 Qxa4 $2 {[%emt 0:07:45] [#]} ({Wrong is} 28... Nd3 $2 29. Be4 $18 (29. Rxd3 Qxd3 30. Bf3 Bd4 $17)) (28... a5 {keeps fighting.} 29. Bb6 Nd3 30. Rxd3 (30. Qxa5 $2 {too greedy.} Qxd1+ 31. Kh2 Rb8 $19) 30... Qxd3 31. Bxd8 (31. Qxa5 $2 Rxd5 32. Qb4 Bd4+ 33. Kh2 Bxb6 $19) 31... Qxd5) 29. Bb6 {[%emt 0:04:00] This pair of bishops is nice.} Rd6 (29... Rxd5 30. Rxd5 Qc6) 30. Bc5 {[%emt 0:01:28] Weighted Error Value: White=0.10 (very precise) /Black=0.31.  Mistake:       	---       	Black=4      Inaccurate:     	---       	Black=2      OK:         	White=7     	Black=10     Best:        	White=7     	---        Strong:       	---       	Black=1} 1-0

[Event "45th FIDE Olympiad 2024"]
[Site "Budapest"]
[Date "2024.09.12"]
[Round "2.5"]
[White "Kumar, Manoj"]
[Black "Allam, Mohamed"]
[Result "0-1"]
[ECO "B13"]
[WhiteElo "1951"]
[BlackElo "2053"]
[Annotator "NA"]
[PlyCount "96"]
[EventDate "2024.09.05"]
[EventType "team-tourn"]
[EventCountry "HUN"]
[SourceTitle "playchess.com"]
[Source "ChessBase"]
[SourceQuality "1"]
[WhiteTeam "Fiji"]
[BlackTeam "Palestine"]
[WhiteTeamCountry "FIJ"]
[BlackTeamCountry "PLE"]
[TimeControl "40/5400+30:1800+30"]

1. d4 d5 2. c4 c5 3. e3 cxd4 4. exd4 Nf6 5. Nf3 Nc6 6. Nc3 Bg4 7. Be2 dxc4 8. O-O e6 9. Qa4 Be7 10. Qxc4 O-O 11. Be3 Nb4 12. Qb3 Qa5 13. Rac1 Nbd5 14. Bd2 Qb6 15. Nxd5 Nxd5 16. Qxb6 Nxb6 17. h3 Bf5 18. Bf4 Nd5 19. Be5 Rac8 20. Rfd1 Bc2 21. Rf1 Nb4 22. a3 Bd3 23. Bxd3 Nxd3 24. Rb1 f6 25. Bg3 Rc2 26. Ne1 Nxe1 27. Rfxe1 Kf7 28. Bf4 Rfc8 29. Rbc1 Ke8 30. Kf1 Kd7 31. Rxc2 Rxc2 32. Re2 Rc4 33. Rd2 Kc6 34. Be3 Kd5 35. Ke2 a5 36. Kd3 a4 37. Rd1 f5 38. Rc1 Rxc1 39. Bxc1 Bf6 40. Be3 f4 41. Bxf4 Bxd4 42. Bd2 Bxf2 43. b3 axb3 44. Kc3 e5 45. Kxb3 e4 46. Ba5 b6 47. Bb4 e3 48. Kc2 e2 0-1

[Event "45th FIDE Olympiad 2024"]
[Site "Budapest"]
[Date "2024.09.12"]
[Round "2.6"]
[White "Leiva, Gianmarco"]
[Black "Sjugirov, Sanan"]
[Result "0-1"]
[ECO "B40"]
[WhiteElo "2389"]
[BlackElo "2644"]
[Annotator "TA"]
[PlyCount "107"]
[EventDate "2024.09.05"]
[EventType "team-tourn"]
[EventCountry "HUN"]
[SourceTitle "playchess.com"]
[Source "ChessBase"]
[SourceQuality "1"]
[WhiteTeam "Peru"]
[BlackTeam "Hungary"]
[WhiteTeamCountry "PER"]
[BlackTeamCountry "HUN"]
[TimeControl "40/5400+30:1800+30"]

1. e4 c5 2. Nf3 e6 3. g3 Nc6 4. Bg2 Nf6 5. Qe2 e5 6. O-O {[%emt 0:05:26] B40: Sicilian: 2...e6, Unusual lines.} Be7 7. Na3 O-O 8. Nc4 d6 9. d3 Re8 10. c3 h6 11. Ne3 Be6 12. Nh4 d5 13. Qf3 d4 14. Nd5 Qc8 $146 ({Predecessor:} 14... Qd7 15. Nxf6+ Bxf6 16. Nf5 Bg5 17. Bh3 Qd8 18. Qe2 Bxc1 19. Raxc1 Kh7 20. Bg2 Qd7 {1-0 Sengupta,D (2473)-Narva,M (2387) Prague op 2023 (8)}) 15. h3 (15. Bxh6 Bg4 (15... gxh6 $2 16. Nxf6+ Kg7 17. Nf5+ Bxf5 18. Nxe8+ Qxe8 19. exf5 $18) 16. Nxe7+ Rxe7 $19 (16... Nxe7 $2 17. Bh3 $19) (16... Nxe7 $2 17. Bh3 $19)) 15... dxc3 (15... Rb8 {looks sharper.} 16. Bxh6 Bxh3 17. Bxh3 Qxh3 18. Bd2 Nxd5 19. exd5 Bxh4 20. dxc6 e4) 16. bxc3 Rd8 17. Nxf6+ (17. Nxe7+ $5 Nxe7 18. Bxh6 $11) 17... Bxf6 18. Nf5 Bg5 19. Rd1 Qd7 20. Ba3 (20. Bxg5 $1 $11 hxg5 21. Qe3) 20... b6 $15 21. h4 Be7 22. h5 Bg5 23. Bb2 Rac8 24. Bc1 Bxc1 25. Raxc1 Ne7 ({Much worse is} 25... Bxa2 $6 26. Qg4 f6 27. Nxh6+ Kh7 28. Nf5 $11) 26. Bh3 Nxf5 (26... Bxa2 $2 {loses.} 27. Nxh6+ gxh6 28. Bxd7 $18) 27. Bxf5 Bxf5 28. exf5 (28. Qxf5 $15 Qxf5 29. exf5) 28... Rc6 $17 29. Qe4 Rd6 ({Black should play} 29... f6 30. a4 Rd6) 30. Qxe5 $17 Rd5 31. Qe4 Qxf5 32. Qxf5 Rxf5 33. Rd2 Rxh5 34. Re1 Rhd5 35. Re3 f6 36. Kf1 Kf7 37. Ke2 R8d6 38. Rb2 h5 39. Rb1 (39. a4 $17 {was called for.}) 39... Re6 (39... c4 $19 40. dxc4 Rd2+ 41. Kf3 Rxa2) 40. Rh1 g6 41. Rh4 Rd7 42. g4 (42. a4 $17 {was necessary.}) 42... Rxe3+ $19 43. fxe3 hxg4 44. Rxg4 g5 45. d4 {[%emt 0:00:00] [#]} cxd4 $1 46. cxd4 Rd5 47. Kd3 Ra5 48. Rg2 Ke6 49. Ke4 Ra4 50. Rf2 Ra5 51. Rg2 $1 f5+ 52. Kf3 {[%emt 0:00:00] [#]} Kf6 $1 53. Rc2 Ra3 54. Rc6+ 0-1

[Event "45th FIDE Olympiad 2024"]
[Site "Budapest"]
[Date "2024.09.12"]
[Round "2.6"]
[White "Seder, Mohammed"]
[Black "Prasad, Rudr"]
[Result "1-0"]
[ECO "B10"]
[WhiteElo "2116"]
[BlackElo "1777"]
[Annotator "NA"]
[PlyCount "83"]
[EventDate "2024.09.05"]
[EventType "team-tourn"]
[EventCountry "HUN"]
[SourceTitle "playchess.com"]
[Source "ChessBase"]
[SourceQuality "1"]
[WhiteTeam "Palestine"]
[BlackTeam "Fiji"]
[WhiteTeamCountry "PLE"]
[BlackTeamCountry "FIJ"]
[TimeControl "40/5400+30:1800+30"]

1. e4 c6 2. Nf3 d5 3. d3 dxe4 4. dxe4 Qxd1+ 5. Kxd1 Bg4 6. Nbd2 Nd7 7. Be2 e6 8. Ne1 Ngf6 9. f3 Bh5 10. Nd3 Nc5 11. Nf4 Bg6 12. c3 O-O-O 13. Kc2 e5 14. Nxg6 hxg6 15. Bc4 Rd7 16. b4 Na4 17. Bb3 Nb6 18. a4 Bd6 19. a5 Na8 20. Nc4 Bb8 21. Be3 Re8 22. Rhd1 Rxd1 23. Rxd1 Rd8 24. Nb2 Rxd1 25. Kxd1 Nc7 26. Bxf7 Nb5 27. Kc2 g5 28. Bxg5 b6 29. axb6 axb6 30. Nc4 Kb7 31. h4 Nd6 32. Nxd6+ Bxd6 33. h5 Nh7 34. Bd8 b5 35. Be6 c5 36. Bf5 Nf8 37. Kb3 c4+ 38. Kc2 Kc6 39. g4 Nd7 40. g5 Bf8 41. g6 Nf6 42. h6 1-0

[Event "45th FIDE Olympiad 2024"]
[Site "Budapest"]
[Date "2024.09.12"]
[Round "2.7"]
[White "Berkes, Ferenc"]
[Black "Flores Quillas, Diego Saul Rodri"]
[Result "1/2-1/2"]
[ECO "E14"]
[WhiteElo "2605"]
[BlackElo "2451"]
[Annotator "TA"]
[PlyCount "66"]
[EventDate "2024.09.05"]
[EventType "team-tourn"]
[EventCountry "HUN"]
[SourceTitle "playchess.com"]
[Source "ChessBase"]
[SourceQuality "1"]
[WhiteTeam "Hungary"]
[BlackTeam "Peru"]
[WhiteTeamCountry "HUN"]
[BlackTeamCountry "PER"]
[TimeControl "40/5400+30:1800+30"]

1. d4 Nf6 2. Nf3 e6 3. c4 b6 4. e3 Bb7 5. Bd3 d5 6. cxd5 exd5 7. O-O Bd6 8. b3 O-O 9. Ba3 c5 10. Nc3 Re8 11. Rc1 {[%emt 0:00:50] White wants to play dxc5.} Nbd7 12. Bb2 Bf8 13. Re1 Ne4 14. Bf1 Ndf6 15. Ne5 cxd4 16. Nxe4 dxe4 17. Qxd4 Bc5 18. Qxd8 Raxd8 19. Red1 Rd5 20. Bb5 Red8 (20... Rexe5 $2 {is the wrong capture.} 21. Bxe5 Kf8 (21... Rxe5 $2 {perishes.} 22. Rxc5 Nd5 23. Rc7 $18) 22. Bxf6 gxf6 23. Rxd5 Bxd5 24. Bd7 $18) 21. Rxd5 Nxd5 22. Rd1 a6 23. Bc6 Bxc6 24. Nxc6 Rd6 25. a3 Rxc6 26. Rxd5 Rd6 27. Rxd6 Bxd6 $11 {[%emt 0:00:01][%mdl 4096] Endgame. KB-KB} 28. g4 f6 29. h3 {[%emt 0:01:26] The position is equal.} Kf7 30. f3 exf3 31. Kf2 {[%emt 0:00:06] Prevents Bg3+} Ke6 32. e4 Be5 33. Bc1 b5 {[%emt 0:03:28] An interesting draw.   Weighted Error Value: White=0.06 (flawless) /Black=0.08 (flawless) .  OK:         	White=14    	Black=8      Best:        	White=1     	---} 1/2-1/2